 Dungeon Crawl Stone Soup version 0.25.1-2-g60ff931df9 (webtiles) character file.

Game seed: 363127007493687831

63 gbos the Chopper (level 4, -1/42 HPs)
             Began as a Naga Fighter on Nov 18, 2020.
             Slain by an adder (2 damage)
             ... on level 2 of the Dungeon.
             The game lasted 00:00:16 (1876 turns).

gbos the Chopper (Naga Fighter)                     Turns: 1876, Time: 00:00:17

Health: -1/42      AC:  6    Str: 20    XL:     4   Next: 9%
Magic:  4/4        EV:  3    Int:  8    God:
Gold:   91         SH:  8    Dex: 10    Spells: 3/3 levels left

rFire    . . .     SeeInvis +   Y - +0 war axe
rCold    . . .     Gourm    .   c - +0 kite shield
rNeg     . . .     Faith    .   e - +0 chain mail
rPois    +         Spirit   .   (no helmet)
rElec    .         Reflect  .   (no cloak)
rCorr    .         Harm     .   (no gloves)
MR       .....                  (no barding)
Stlth    ..........             (no amulet)
HPRegen  0.14/turn              (no ring)
MPRegen  0.09/turn              (no ring)

@: very slow
A: large, see invisible, deformed body, poison resistance, slowness 2, slow
metabolism 1, spit poison 1, AC +1
a: Spit Poison


You were on level 2 of the Dungeon.
You were not hungry.

You visited 1 branch of the dungeon, and saw 2 of its levels.

You collected 91 gold pieces.


Innate Abilities, Weirdness & Mutations

You cannot wear boots.
Your serpentine skin is tough. (AC +1)
You have supernaturally acute eyesight. (SInv)
Armour fits poorly on your strangely shaped body.
Your system is resistant to poisons. (rPois)
You cover ground very slowly.
You have a slow metabolism.
You can spit poison.


   Skills:
 - Level 3.0 Fighting
 + Level 4.2 Axes
 - Level 2.4 Armour
 - Level 2.4 Shields


You had 3 spell levels left.
You didn't know any spells.
Your spell library was empty.

Inventory:

Hand Weapons
 h - a +0 club
 Y - a +0 war axe (weapon)
Missiles
 g - 5 boomerangs (quivered)
Armour
 c - a +0 kite shield (worn)
 e - a +0 chain mail (worn)
Potions
 b - a potion of mutation {unknown}
 d - a potion of might
 i - a potion of degeneration {unknown}
 j - a potion of lignification {unknown}
 k - 2 potions of curing {unknown}
Comestibles
 a - 6 chunks of flesh
 f - 5 rations

Dungeon Overview and Level Annotations

Branches:
Dungeon (2/15)

Altars:
Elyvilon

Annotations:
D:2 Jessica


Message History

The frilled lizard bites you but does no damage.
You slash the frilled lizard!
You kill the frilled lizard!
1872 ||| Stepping ~*~*~tactically~*~*~ (hiding).
An adder comes into view.
The adder hisses angrily.
Jessica points at you and mumbles some strange words.
Pain shoots through your body! You block Jessica's attack.
You hit Jessica but do no damage. Jessica hits you but does no damage.
You hit Jessica but do no damage.
Your shield and chain mail prevent you from hitting the adder.
Jessica hits you. The adder barely misses you.
Jessica hits you but does no damage. The adder bites you.
Jessica casts a spell at you. Pain shoots through your body!
You closely miss Jessica.
Your chain mail prevents you from hitting the adder.
Jessica hits you but does no damage. The adder bites you.
You die...

#.# # #.# #......#.#
#.# #.####.#
#..###.#.# #.# ###
...#.# #..# #...#
#.# ... #...#
##.###.### #.. ...
#.#.####.....#
#.###........#.###
#.....#.####.#.#####
#######@....#
#..<.....
......S@....#
#...#####
#######..#### #...#
#%.# #...# #....
....# ##.### ###..#
..# #..# .## #..# .
#... #.


You could see an adder and Jessica (fast).

Vanquished Creatures
  2 adders (D:2)
  An ooze (D:2)
  A worm (D:2)
  2 dart slugs (D:1)
  2 leopard geckos (D:2)
  5 bats
  A giant cockroach (D:1)
  4 goblins
  3 hobgoblins
  2 jackals (D:1)
  4 frilled lizards
  4 kobolds
  3 rats (D:1)
34 creatures vanquished.

Notes
Turn   | Place    | Note
-------+----------+-------------------------------------------
     0 | D:1      | gbos the Naga Fighter began the quest for the Orb.
     0 | D:1      | Reached XP level 1. HP: 21/21 MP: 1/1
     0 | D:1      | 0 ||| counter = 201
    63 | D:1      | 63 ||| INVOKING Spit Poison.
    76 | D:1      | 76 ||| INVOKING Spit Poison.
   116 | D:1      | 116 ||| INVOKING Spit Poison.
   121 | D:1      | Reached XP level 2. HP: 27/28 MP: 2/2
   140 | D:1      | 140 ||| INVOKING Spit Poison.
   145 | D:1      | 145 ||| INVOKING Spit Poison.
   188 | D:1      | 188 ||| INVOKING Spit Poison.
   226 | D:1      | 226 ||| INVOKING Spit Poison.
   227 | D:1      | 227 ||| INVOKING Spit Poison.
   326 | D:1      | 326 ||| INVOKING Spit Poison.
   333 | D:1      | 333 ||| INVOKING Spit Poison.
   359 | D:1      | 359 ||| INVOKING Spit Poison.
   360 | D:1      | Reached skill level 3 in Axes
   365 | D:1      | 365 ||| INVOKING Spit Poison.
   393 | D:1      | 393 ||| INVOKING Spit Poison.
   397 | D:1      | 397 ||| Stepping ~*~*~tactically~*~*~ (hiding).
   398 | D:1      | 398 ||| Waiting for ranged monster.
   406 | D:1      | 406 ||| Waiting for ranged monster.
   649 | D:1      | 649 ||| INVOKING Spit Poison.
   650 | D:1      | 650 ||| INVOKING Spit Poison.
   705 | D:1      | 705 ||| Stepping ~*~*~tactically~*~*~ (stealth).
   706 | D:1      | 706 ||| INVOKING Spit Poison.
   718 | D:1      | 718 ||| INVOKING Spit Poison.
   718 | D:1      | Reached XP level 3. HP: 24/34 MP: 3/3
   839 | D:1      | 839 ||| INVOKING Spit Poison.
   844 | D:1      | 844 ||| INVOKING Spit Poison.
   922 | D:1      | 922 ||| INVOKING Spit Poison.
  1185 | D:1      | 1185 ||| UPGRADING to chain mail.
  1195 | D:1      | 1195 ||| DROPPING +0 scale mail.
  1224 | D:2      | 1224 ||| INVOKING Spit Poison.
  1273 | D:2      | 1273 ||| Stepping ~*~*~tactically~*~*~ (stealth).
  1303 | D:2      | Found a white marble altar of Elyvilon.
  1304 | D:2      | 1304 ||| INVOKING Spit Poison.
  1460 | D:2      | 1460 ||| FLEEEEING.
  1461 | D:2      | 1461 ||| STAIRDANCE
  1505 | D:1      | 1505 ||| READING scroll labeled FEYMULO NOOXT.
  1508 | D:2      | 1508 ||| Stepping ~*~*~tactically~*~*~ (stealth).
  1510 | D:2      | 1510 ||| INVOKING Spit Poison.
  1514 | D:2      | Reached skill level 4 in Axes
  1515 | D:2      | 1515 ||| STAIRDANCE
  1661 | D:2      | 1661 ||| INVOKING Spit Poison.
  1757 | D:2      | 1757 ||| INVOKING Spit Poison.
  1769 | D:2      | 1769 ||| INVOKING Spit Poison.
  1790 | D:2      | 1790 ||| INVOKING Spit Poison.
  1791 | D:2      | Reached XP level 4. HP: 42/42 MP: 4/4
  1859 | D:2      | Noticed Jessica
  1872 | D:2      | 1872 ||| Stepping ~*~*~tactically~*~*~ (hiding).
  1875 | D:2      | HP: 10/42 [Jessica (3)]
  1875 | D:2      | HP: 1/42 [Jessica/nerve-wracking pain (5)]
  1876 | D:2      | Slain by an adder

Levels and vault maps discovered:
D:1:      nzn_arrival_settlement, layout_basic, minmay_misc_feat_hallway
D:2:      layout_loops_ring, old_standard_altar, minmay_cupped, uniq_sigmund,
          uniq_jessica

Skill      XL: |  1  2  3 |
---------------+----------+-----
Axes           | 3 4 |  4.2
Fighting       | |  3.0
Armour         | |  2.4
Shields        | |  2.4

Action                   |  1- 3 |  4- 6 || total
-------------------------+-------+-------++-------
Melee: War axe           |    83 |    11 ||    94
Throw: Boomerang         |    16 |       ||    16
 Abil: Spit Poison       |    23 |       ||    23
  Use: Scroll            |     1 |       ||     1
  Eat: Chunk             |     3 |       ||     3
Armor: Scale mail        |    17 |       ||    17
       Chain mail        |    23 |    14 ||    37
Dodge: Dodged            |    14 |     3 ||    17
Block: Kite shield       |    43 |     6 ||    49

Table legend:
 A = Non-vault XP
 B = Vault XP
 C = Vault XP percentage of total XP
 D = Non-vault monster count
 E = Vault monster count
 F = Vault count percentage of total count
                 A         B        C        D         E       F
            +---------+---------+-------+---------+---------+-------
      Total |      90 |       0 |   0.0 |      34 |       0 |   0.0
            +---------+---------+-------+---------+---------+-------
        D:1 |      38 |       0 |   0.0 |      23 |       0 |   0.0
        D:2 |      52 |       0 |   0.0 |      11 |       0 |   0.0
            +---------+---------+-------+---------+---------+-------
